 Dungeon Crawl Stone Soup version 0.24-a0-275-g6f7e2cb (webtiles) character file.

Game seed: 8879662639092506636

4 mhoghedin the Magician (level 1, 0/12 HPs)
             Began as a Tengu Wizard on Apr 28, 2019.
             Slain by a jackal (3 damage)
             ... on level 1 of the Dungeon.
             The game lasted 00:01:11 (521 turns).

mhoghedin the Magician (Tengu Wizard)                Turns: 521, Time: 00:01:13

Health: 0/12       AC:  2    Str:  7    XL:     1   Next: 70%
Magic:  2/5        EV: 12    Int: 18    God:
Gold:   26         SH:  0    Dex: 12    Spells: 5/6 levels left

rFire    . . .     SeeInvis .   c - +0 short sword
rCold    . . .     Gourm    .   (no shield)
rNeg     . . .     Faith    .   a - +0 robe
rPois    .         Spirit   .   b - +0 hat
rElec    .         Reflect  .   (no cloak)
rCorr    .         Harm     .   (no gloves)
MR       .....                  (boots unavailable)
Stlth    ++........             (no amulet)
HPRegen  0.04/turn              (no ring)
MPRegen  0.09/turn              (no ring)

@: very slightly contaminated
A: beak, talons 3
a: no special abilities


You were on level 1 of the Dungeon.
You were not hungry.

You visited 1 branch of the dungeon, and saw 1 of its levels.

You collected 26 gold pieces.

Inventory:

Hand Weapons
 c - a +0 short sword (weapon)
   (You took it off a kobold on level 1 of the Dungeon)
Armour
 a - a +0 robe (worn)
 b - a +0 hat (worn)
Comestibles
 d - a ration
 f - a chunk of flesh {@w0}


   Skills:
 + Level 1.1 Fighting
 - Level 2.1 Dodging
 + Level 2.0 Stealth
 - Level 3.0 Spellcasting
 - Level 1.3 Conjurations
   Level 1.2 Summonings
   Level 0.7 Translocations


You had 5 spell levels left.
You knew the following spells:

 Your Spells              Type           Power        Failure   Level  Hunger
a - Magic Dart            Conj           #...         10%         1    None

Your spell library contained the following spells:

 Spells                   Type           Power        Failure   Level  Hunger
 Call Imp                 Summ           #.......     16%         2    ##.....
 Blink                    Tloc           N/A          19%         2    ##.....
 Slow                     Hex            #.......     24%         2    ##.....
 Conjure Flame            Conj/Fire      #.......     36%         3    ###....
 Mephitic Cloud           Conj/Pois/Air  #.......     38%         3    ###....


Dungeon Overview and Level Annotations

Branches:
Dungeon (1/15)

Altars:


Innate Abilities, Weirdness & Mutations

You have a beak for a mouth.
You have claws for feet.


Message History

The bat barely misses you. The bat hits you.
* * * LOW HITPOINT WARNING * * *
You take 1 damage, and have 3/11 hp.
The bat hits you.
* * * LOW HITPOINT WARNING * * *
The bat closely misses you.
You take 1 damage, and have 2/11 hp.
You closely miss the bat. Your peck misses the bat. The bat misses you.
The bat hits you but does no damage.
You hit the bat.
You kill the bat!
Your Fighting skill increases to level 1!
You see here a bat corpse.
You butcher the bat corpse.
f - a chunk of flesh {@w0} You see here a bat skeleton.
You start resting.
All of the chunks of flesh in your inventory have rotted away.
Health restored: 12; MP restored: 5
Things that are here:
a +0 club; a stone You now have 11 gold pieces.
Found a stone staircase leading down.
You open the door.
There is an open door here.
A kobold comes into view. It is wielding a +0 short sword.
A kobold is nearby!
The kobold shouts!
A jackal comes into view.
You hit the kobold but do no damage.
The kobold hits you with a +0 short sword.
You take 2 damage, and have 10/12 hp.
You hit the kobold but do no damage. You claw the kobold. You peck the kobold.
The kobold hits you but does no damage.
You closely miss the kobold.
The kobold hits you with a +0 short sword.
You take 3 damage, and have 7/12 hp.
MASSIVE DAMAGE!!
Unknown command.
You hit the kobold.
You kill the kobold!
You see here a +0 short sword.
You start resting.
Health restored: 12 No target in view!
Found a stone staircase leading down.
No target in view!
No target in view!
No target in view!
You now have 26 gold pieces (gained 15).
A frilled lizard comes into view.
A rat comes into view.
There are monsters nearby!
There are monsters nearby!
The rat closely misses you.
You hit the rat but do no damage. The rat bites you.
You take 2 damage, and have 10/12 hp.
You barely miss the rat. Your kick misses the rat. The rat barely misses you.
You hit the rat but do no damage. The rat bites you. x2
You take 4 damage, and have 6/12 hp.
MASSIVE DAMAGE!!
You closely miss the rat. The rat bites you.
You take 2 damage, and have 4/12 hp.
You hit the rat but do no damage. The rat closely misses you.
Aim: a rat The magic dart hits the rat.
The rat closely misses you.
You now have 4/5 mp.
Aim: a rat (severely wounded)
The magic dart hits the rat but does no damage.
The rat closely misses you.
You now have 3/5 mp.
Aim: a rat (severely wounded)
You miscast Magic Dart.
You are very lightly contaminated with residual magic.
Nothing appears to happen.
The rat bites you.
You take 1 damage, and have 4/12 hp.
You now have 2/5 mp.
Aim: a rat (severely wounded)
You miscast Magic Dart.
The air around you crackles with energy!
The rat bites you.
* * * LOW HITPOINT WARNING * * *
You take 1 damage, and have 3/12 hp.
You now have 1/5 mp.
You hit the rat.
You kill the rat!
You see here a rat corpse.
You butcher the rat corpse.
f - a chunk of flesh {@w0} You see here a rat skeleton.
You start resting.
The jackal is too close now for your liking.
The jackal closely misses you.
A leopard gecko comes into view.
Aim: a jackal The magic dart hits the jackal.
The jackal misses you. The jackal bites you.
* * * LOW HITPOINT WARNING * * *
You take 1 damage, and have 3/12 hp.
You now have 2/5 mp.
You aren't carrying any scrolls.
You aren't carrying any potions.
The jackal closely misses you. The jackal bites you.
You die...

..l #....#.#############.##.
..##.##.#.# #........... ..
........# #.######.### ....
###.###..######.#.........
.....#.....#...................
.....#รท....#...................
#............................
#..#...>.#...................
##.#.....#..@.l.....###)#+###
#.###.###..h....... #.#.#
#..%............... #.#.#
########........... #.#.#
#........... #...# #...........
##..# #.....).....####..###
#................>...
######...#..####.....


You could see a leopard gecko and a jackal.

Vanquished Creatures
  A bat (D:1)
  A hobgoblin (D:1)
  2 kobolds (D:1)
  A rat (D:1)
5 creatures vanquished.

Notes
Turn   | Place    | Note
-------+----------+-------------------------------------------
     0 | D:1      | mhoghedin the Tengu Wizard began the quest for the Orb.
     0 | D:1      | Reached XP level 1. HP: 10/10 MP: 5/5
    53 | D:1      | HP: 2/11 [bat (1)]
    55 | D:1      | Reached skill level 1 in Fighting
   497 | D:1      | HP: 3/12 [rat (1)]
   519 | D:1      | HP: 3/12 [jackal (1)]
   521 | D:1      | Slain by a jackal

Levels and vault maps discovered:
D:1:      nicolae_arrival_memento_mori, layout_basic, st_stairs_3

Skill      XL: |  1 |
---------------+----+-----
Fighting       | 1 |  1.1
Dodging        | |  2.1
Stealth        | |  2.0
Spellcasting   | |  3.0
Conjurations   | |  1.3
Summonings     | |  1.2
Translocations | |  0.7

Action                   || total
-------------------------++-------
Melee: Short sword       ||    19
       Kick              ||     1
       Peck              ||     1
 Cast: Magic Dart        ||     6
Armor: Robe              ||     7
Dodge: Dodged            ||    18

Table legend:
 A = Non-vault XP
 B = Vault XP
 C = Vault XP percentage of total XP
 D = Non-vault monster count
 E = Vault monster count
 F = Vault count percentage of total count
                 A         B        C        D         E       F
            +---------+---------+-------+---------+---------+-------
      Total |       6 |       1 |  14.3 |       4 |       1 |  20.0
            +---------+---------+-------+---------+---------+-------
        D:1 |       6 |       1 |  14.3 |       4 |       1 |  20.0
            +---------+---------+-------+---------+---------+-------

Levels and vault maps discovered:
D:1:      nicolae_arrival_memento_mori, layout_basic, st_stairs_3

Table legend:
 A = Turns spent in this place as a percentage of turns spent in the entire game.
 B = Non-inter-level travel turns spent in this place as a percentage of non-inter-level travel turns spent in the entire game.
 C = Inter-level travel turns spent in this place as a percentage of turns spent in this place.
 D = Turns resting spent in this place as a percentage of non-inter-level travel turns spent in this place.
 E = Turns spent auto-exploring this place as a percentage of non-inter-level travel turns spent in this place.
 F = Non-inter-level travel turns spent in this place divided by the number of levels of this place that you've seen.
                   A       B       C       D       E      F
               +-------+-------+-------+-------+-------+----------------------
         Total | 100.0 | 100.0 |   0.0 |  68.1 |  16.9 | 521.0
       Dungeon | 100.0 | 100.0 |   0.0 |  68.1 |  16.9 | 521.0
               +-------+-------+-------+-------+-------+----------------------

Table legend:
 A = Kills in this place as a percentage of kills in entire the game.
 B = Kills by you in this place as a percentage of kills by you in the entire game.
 C = Kills by friends in this place as a percentage of kills by friends in the entire game.
 D = Other kills in this place as a percentage of other kills in the entire game.
 E = Experience gained in this place as a percentage of experience gained in the entire game.
 F = Experience gained in this place divided by the number of levels of this place that you have seen.
                   A       B       C       D       E      F
               +-------+-------+-------+-------+-------+----------------------
         Total | 100.0 | 100.0 |   N/A |   N/A | 100.0 |   7.0
       Dungeon | 100.0 | 100.0 |   N/A |   N/A | 100.0 |   7.0
               +-------+-------+-------+-------+-------+----------------------
